| TOP OF THE 1ST |
|
Palm Beach Nationals batting - Pitching for Houston Colt .45's : LHP Jorge Ortiz
|
|
Pitching: LHP Jorge Ortiz
|
|
|
Batting: RHB Victor Rojas
|
0-0: Foul Ball, location: 2F 0-1: SINGLE (Groundball, 56D, EV 104.4 MPH)
|
|
Batting: RHB Alex Martinez
|
0-0: Foul Ball, location: 2F 0-1: Called Strike 0-2: Strikes out swinging
|
|
Batting: RHB Rudolph Lentz
|
0-0: Ball 1-0: Called Strike 1-1: 2-RUN HOME RUN (Flyball, 7D, EV 96.2 MPH), Distance : 374 ft
|
|
Batting: RHB Ryan Wright
|
0-0: Ball 1-0: Ground out 5-3 (Groundball, 5L, EV 86.9 MPH)
|
|
Batting: RHB Kenny Ball
|
0-0: Ball 1-0: Fly out, F9 (Flyball, 89S, EV 76.2 MPH)
|
| Top of the 1st over - 2 runs, 2 hits, 0 errors, 0 left on base; Palm Beach 2 - Houston 0 |
| BOTTOM OF THE 1ST |
|
Houston Colt .45's batting - Pitching for Palm Beach Nationals : LHP Mark Ellis
|
|
Pitching: LHP Mark Ellis
|
|
|
Batting: RHB Patrick Pinault
|
0-0: Swinging Strike 0-1: Called Strike 0-2: Ball 1-2: SINGLE (Groundball, 6MD, EV 99.4 MPH)
|
|
Batting: RHB Arnold Schuler
|
0-0: Called Strike 0-1: Ball 1-1: Ball 2-1: Fly out, F4 (Popup, 4MD, EV 44.4 MPH)
|
|
Batting: RHB Tim Williams
|
0-0: Reached on error, E6 (Line Drive, 6D, EV 73.1 MPH) Patrick Pinault to second
|
|
Batting: LHB Vecdi Hodensack
|
0-0: 3-RUN HOME RUN (Line Drive, 7D, EV 98.8 MPH), Distance : 383 ft
|
|
Batting: RHB Jamie Walker
|
0-0: Ball 1-0: Called Strike 1-1: Fly out, F3 (Popup, 23F, EV 91.9 MPH)
|
|
Batting: LHB Bert Middleton
|
0-0: Ball 1-0: Foul Ball, location: 2F 1-1: Ball 2-1: Called Strike 2-2: Strikes out looking
|
| Bottom of the 1st over - 3 runs, 2 hits, 1 error, 0 left on base; Palm Beach 2 - Houston 3 |
| TOP OF THE 2ND |
|
Palm Beach Nationals batting - Pitching for Houston Colt .45's : LHP Jorge Ortiz
|
|
Batting: RHB Jess Thomas
|
0-0: Swinging Strike 0-1: Foul Ball, location: 2F 0-2: Ball 1-2: Strikes out swinging
|
|
Batting: RHB Charlie Iacovone
|
0-0: Ball 1-0: Fly out, F9 (Line Drive, 9, EV 105.6 MPH)
|
|
Batting: LHB Tony Olvera
|
0-0: Called Strike 0-1: Ball 1-1: Ball 2-1: Fly out, F7 (Flyball, 7, EV 85.0 MPH)
|
| Top of the 2nd over - 0 runs, 0 hits, 0 errors, 0 left on base; Palm Beach 2 - Houston 3 |
| BOTTOM OF THE 2ND |
|
Houston Colt .45's batting - Pitching for Palm Beach Nationals : LHP Mark Ellis
|
|
Batting: RHB Bill Borden
|
0-0: Ball 1-0: Fly out, F5 (Popup, 56S, EV 68.1 MPH)
|
|
Batting: RHB Kenny Beall
|
0-0: SINGLE (Flyball, 56D, EV 90.6 MPH)
|
|
Batting: LHB Casper Significant
|
0-0: Ball 1-0: Grounds into double play, 6-4-3 (Groundball, 6, EV 86.9 MPH)
|
| Bottom of the 2nd over - 0 runs, 1 hit, 0 errors, 0 left on base; Palm Beach 2 - Houston 3 |
| TOP OF THE 3RD |
|
Palm Beach Nationals batting - Pitching for Houston Colt .45's : LHP Jorge Ortiz
|
|
Batting: RHB Franklin Ortega
|
0-0: Called Strike 0-1: Swinging Strike 0-2: Ball 1-2: Strikes out swinging
|
|
Batting: RHB Victor Rojas
|
0-0: Ball 1-0: Swinging Strike 1-1: Foul Ball, location: 2F 1-2: Strikes out looking
|
|
Batting: RHB Alex Martinez
|
0-0: Called Strike 0-1: Ball 1-1: Swinging Strike 1-2: Ball 2-2: Strikes out swinging
|
| Top of the 3rd over - 0 runs, 0 hits, 0 errors, 0 left on base; Palm Beach 2 - Houston 3 |
| BOTTOM OF THE 3RD |
|
Houston Colt .45's batting - Pitching for Palm Beach Nationals : LHP Mark Ellis
|
|
Batting: RHB Patrick Pinault
|
0-0: Called Strike 0-1: DOUBLE (Groundball, 5L, EV 106.2 MPH)
|
|
Batting: RHB Arnold Schuler
|
0-0: Ball 1-0: Ground out U3 (Groundball, 34, EV 95.0 MPH) Patrick Pinault to third
|
|
Batting: RHB Tim Williams
|
0-0: Called Strike 0-1: Ball 1-1: Swinging Strike 1-2: Ball 2-2: Strikes out looking
|
|
Batting: LHB Vecdi Hodensack
|
0-0: Called Strike 0-1: Ball 1-1: SINGLE (Groundball, 34D, EV 106.9 MPH) Patrick Pinault scores
|
|
Batting: RHB Jamie Walker
|
0-0: Fly out, F4 (Popup, 4S, EV 75.6 MPH)
|
| Bottom of the 3rd over - 1 run, 2 hits, 0 errors, 1 left on base; Palm Beach 2 - Houston 4 |
| TOP OF THE 4TH |
|
Palm Beach Nationals batting - Pitching for Houston Colt .45's : LHP Jorge Ortiz
|
|
Batting: RHB Rudolph Lentz
|
0-0: Called Strike 0-1: Ball 1-1: Swinging Strike 1-2: Strikes out swinging
|
|
Batting: RHB Ryan Wright
|
0-0: Ball 1-0: Called Strike 1-1: SINGLE (Groundball, P, EV 91.9 MPH) (infield hit)
|
|
Batting: RHB Kenny Ball
|
0-0: Called Strike 0-1: Ball 1-1: DOUBLE (Flyball, 8RXD, EV 105.6 MPH) Ryan Wright to third Runner from 3rd tries for Home, SAFE, throw by CF to home
|
|
Batting: RHB Jess Thomas
|
0-0: Ball 1-0: Ball 2-0: Foul Ball, location: 2F 2-1: Called Strike 2-2: Ball 3-2: Foul Ball, location: 2F 3-2: Strikes out swinging
|
|
Batting: RHB Charlie Iacovone
|
0-0: Ground out 6-3 (Groundball, 6, EV 91.9 MPH)
|
| Top of the 4th over - 1 run, 2 hits, 0 errors, 1 left on base; Palm Beach 3 - Houston 4 |
| BOTTOM OF THE 4TH |
|
Houston Colt .45's batting - Pitching for Palm Beach Nationals : LHP Mark Ellis
|
|
Batting: LHB Bert Middleton
|
0-0: Ball 1-0: Ball 2-0: SINGLE (Line Drive, 6D, EV 103.8 MPH)
|
|
Batting: RHB Bill Borden
|
0-0: Called Strike 0-1: SINGLE (Groundball, 25, EV 65.0 MPH) (infield hit) Bert Middleton to second
|
|
Batting: RHB Kenny Beall
|
0-0: Foul Ball, location: 2F 0-1: Ball 1-1: Foul Ball, location: 2F 1-2: Ball 2-2: Foul Ball, location: 2F 2-2: Foul Ball, location: 2F 2-2: Grounds into double play, U4-3 (Groundball, 6M, EV 80.0 MPH) Bert Middleton to third
|
|
Batting: LHB Casper Significant
|
0-0: Called Strike 0-1: Ball 1-1: Called Strike 1-2: Strikes out swinging
|
| Bottom of the 4th over - 0 runs, 2 hits, 0 errors, 1 left on base; Palm Beach 3 - Houston 4 |
| TOP OF THE 5TH |
|
Palm Beach Nationals batting - Pitching for Houston Colt .45's : LHP Jorge Ortiz
|
|
Batting: LHB Tony Olvera
|
0-0: Called Strike 0-1: Ball 1-1: Fly out, F4 (Popup, 34, EV 68.8 MPH)
|
|
Batting: RHB Franklin Ortega
|
0-0: Called Strike 0-1: Foul Ball, location: 2F 0-2: Strikes out looking
|
|
Batting: RHB Victor Rojas
|
0-0: Called Strike 0-1: Foul Ball, location: 2F 0-2: Foul Ball, location: 2F 0-2: Ball 1-2: Ball 2-2: Ball 3-2: Strikes out swinging
|
| Top of the 5th over - 0 runs, 0 hits, 0 errors, 0 left on base; Palm Beach 3 - Houston 4 |
| BOTTOM OF THE 5TH |
|
Houston Colt .45's batting - Pitching for Palm Beach Nationals : LHP Mark Ellis
|
|
Batting: RHB Patrick Pinault
|
0-0: Called Strike 0-1: Ball 1-1: Ball 2-1: Swinging Strike 2-2: Strikes out swinging, 2-3 out at first.
|
|
Batting: RHB Arnold Schuler
|
0-0: Foul Ball, location: 2F 0-1: Ball 1-1: Ball 2-1: Ball 3-1: Base on Balls
|
|
Batting: RHB Tim Williams
|
0-0: Foul Ball, location: 2F 0-1: Foul Ball, location: 2F 0-2: Ball 1-2: Foul Ball, location: 2F 1-2: Strikes out swinging
|
|
Batting: LHB Vecdi Hodensack
|
0-0: Called Strike 0-1: Ball 1-1: Swinging Strike 1-2: Strikes out swinging
|
| Bottom of the 5th over - 0 runs, 0 hits, 0 errors, 1 left on base; Palm Beach 3 - Houston 4 |
| TOP OF THE 6TH |
|
Palm Beach Nationals batting - Pitching for Houston Colt .45's : LHP Jorge Ortiz
|
|
Batting: RHB Alex Martinez
|
0-0: Called Strike 0-1: SINGLE (Line Drive, 7LM, EV 104.4 MPH)
|
|
Batting: RHB Rudolph Lentz
|
0-0: Called Strike 0-1: Called Strike 0-2: SINGLE (Groundball, 6S, EV 68.1 MPH) (infield hit) Alex Martinez to second
|
|
Batting: RHB Ryan Wright
|
0-0: Ball 1-0: Foul Ball, location: 2F 1-1: SINGLE (Line Drive, 78S, EV 101.2 MPH) Alex Martinez to third Rudolph Lentz to second
|
|
Batting: RHB Kenny Ball
|
0-0: Foul Ball, location: 2F 0-1: Swinging Strike 0-2: Ball 1-2: Ball 2-2: Strikes out looking
|
|
Batting: RHB Jess Thomas
|
0-0: Fly out, F7 (Flyball, 7S, EV 93.8 MPH)
|
|
Batting: RHB Charlie Iacovone
|
0-0: Ball 1-0: Fly out, F4 (Popup, 23, EV 88.1 MPH)
|
| Top of the 6th over - 0 runs, 3 hits, 0 errors, 3 left on base; Palm Beach 3 - Houston 4 |
| BOTTOM OF THE 6TH |
|
Houston Colt .45's batting - Pitching for Palm Beach Nationals : LHP Mark Ellis
|
|
Batting: RHB Jamie Walker
|
0-0: Ball 1-0: Called Strike 1-1: Swinging Strike 1-2: Foul Ball, location: 2F 1-2: Ball 2-2: Strikes out swinging
|
|
Pitching: LHP Billy Edwards
|
|
|
Batting: LHB Bert Middleton
|
0-0: Called Strike 0-1: Ball 1-1: Ground out 4-3 (Groundball, 34D, EV 93.8 MPH)
|
|
Batting: RHB Bill Borden
|
0-0: Ball 1-0: Foul Ball, location: 2F 1-1: SINGLE (Line Drive, 56, EV 106.2 MPH)
|
|
Batting: RHB Kenny Beall
|
0-0: Ball 1-0: Fly out, F7 (Flyball, 78S, EV 91.2 MPH)
|
| Bottom of the 6th over - 0 runs, 1 hit, 0 errors, 1 left on base; Palm Beach 3 - Houston 4 |
| TOP OF THE 7TH |
|
Palm Beach Nationals batting - Pitching for Houston Colt .45's : LHP Jorge Ortiz
|
|
Pinch Hitting: RHB Colin Morris
|
0-0: Foul Ball, location: 2F 0-1: Foul Ball, location: 2F 0-2: Ball 1-2: Strikes out looking
|
|
Pitching: RHP Marc Marchand
|
|
|
Pinch Hitting: LHB Carlos Guadarrama
|
0-0: Swinging Strike 0-1: Fly out, F8 (Flyball, 8LM, EV 83.1 MPH)
|
|
Batting: RHB Victor Rojas
|
0-0: Swinging Strike 0-1: TRIPLE (Flyball, 9D, EV 95.0 MPH)
|
|
Pinch Hitting: RHB Qian Tai
|
0-0: Foul Ball, location: 2F 0-1: Ball 1-1: SINGLE (Line Drive, 5D, EV 103.8 MPH) Victor Rojas scores
|
|
Batting: RHB Rudolph Lentz
|
0-0: Foul Ball, location: 2F 0-1: Swinging Strike 0-2: Foul Ball, location: 2F 0-2: Foul Ball, location: 2F 0-2: Ball 1-2: Strikes out swinging
|
| Top of the 7th over - 1 run, 2 hits, 0 errors, 1 left on base; Palm Beach 4 - Houston 4 |
| BOTTOM OF THE 7TH |
|
Houston Colt .45's batting - Pitching for Palm Beach Nationals : LHP Billy Edwards
|
|
Now at 2B: Alex Gonzalez
|
|
|
Now at 3B: Ivan Torres
|
|
|
Now in CF: Joe Simmelink
|
|
|
Pinch Hitting: RHB Jesus Diego
|
0-0: Ball 1-0: Called Strike 1-1: SINGLE (Groundball, 56D, EV 99.4 MPH)
|
|
Batting: RHB Patrick Pinault
|
0-0: Bunted foul 0-1: Bunted foul 0-2: Fly out, F7 (Flyball, 78S, EV 78.8 MPH)
|
|
Batting: RHB Arnold Schuler
|
0-0: Ball 1-0: Ball 2-0: Grounds into double play, 6-4-3 (Groundball, 6, EV 90.0 MPH)
|
| Bottom of the 7th over - 0 runs, 1 hit, 0 errors, 0 left on base; Palm Beach 4 - Houston 4 |
| TOP OF THE 8TH |
|
Palm Beach Nationals batting - Pitching for Houston Colt .45's : RHP Marc Marchand
|
|
Now at 3B: Patrick Pinault
|
|
|
Now at SS: Jarno van Lente
|
|
|
Batting: RHB Ryan Wright
|
0-0: Ball 1-0: Foul Ball, location: 2F 1-1: Called Strike 1-2: Ball 2-2: Foul Ball, location: 2F 2-2: Hit by Pitch
|
|
Pinch Hitting: RHB Ken Yeadon
|
0-0: Called Strike 0-1: Swinging Strike 0-2: SINGLE (Line Drive, 6MD, EV 97.5 MPH) Ryan Wright to second
|
|
Batting: RHB Jess Thomas
|
0-0: Ground out 5-3 (Groundball, 5S, EV 66.9 MPH) Ryan Wright to third Ken Yeadon to second
|
|
Batting: RHB Charlie Iacovone
|
0-0: Ball 1-0: Foul Ball, location: 2F 1-1: Ball 2-1: Ball 3-1: Swinging Strike 3-2: Foul Ball, location: 2F 3-2: Foul Ball, location: 2F 3-2: Strikes out swinging
|
|
Pitching: RHP Rory Mozer
|
|
|
Pinch Hitting: RHB Jon Ortiz
|
0-0: Foul Ball, location: 2F 0-1: Fly out, F9 (Flyball, 9, EV 86.9 MPH)
|
| Top of the 8th over - 0 runs, 1 hit, 0 errors, 2 left on base; Palm Beach 4 - Houston 4 |
| BOTTOM OF THE 8TH |
|
Houston Colt .45's batting - Pitching for Palm Beach Nationals : LHP Billy Edwards
|
|
Now at 1B: Armando Moreno
|
|
|
Now in CF: Ken Westfall
|
|
|
Batting: RHB Tim Williams
|
0-0: Ball 1-0: Called Strike 1-1: Ball 2-1: Foul Ball, location: 2F 2-2: Strikes out looking
|
|
Batting: LHB Vecdi Hodensack
|
0-0: Foul Ball, location: 2F 0-1: Ball 1-1: Ball 2-1: Ball 3-1: Base on Balls
|
|
Batting: RHB Jamie Walker
|
0-0: Called Strike 0-1: Fly out, F9 (Flyball, 9S, EV 85.6 MPH)
|
|
Pinch Hitting: RHB Leo Lopez
|
0-0: Called Strike 0-1: SINGLE (Line Drive, 8LS, EV 92.5 MPH) Vecdi Hodensack to second Runner from 2nd tries for 3rd, OUT! 7-5
|
| Bottom of the 8th over - 0 runs, 1 hit, 0 errors, 1 left on base; Palm Beach 4 - Houston 4 |
| TOP OF THE 9TH |
|
Palm Beach Nationals batting - Pitching for Houston Colt .45's : RHP Rory Mozer
|
|
Now at 1B: Leo Lopez
|
|
|
Pinch Hitting: RHB Jason Curry
|
0-0: Called Strike 0-1: Ground out 6-3 (Groundball, 6S, EV 85.0 MPH)
|
|
Batting: RHB Victor Rojas
|
0-0: Ball 1-0: Ball 2-0: Ground out 6-3 (Groundball, 6, EV 90.0 MPH)
|
|
Pinch Hitting: LHB Dusty Jones
|
0-0: Swinging Strike 0-1: Foul Ball, location: 2F 0-2: Strikes out swinging
|
| Top of the 9th over - 0 runs, 0 hits, 0 errors, 0 left on base; Palm Beach 4 - Houston 4 |
| BOTTOM OF THE 9TH |
|
Houston Colt .45's batting - Pitching for Palm Beach Nationals : LHP Billy Edwards
|
|
Now at 2B: Charlie Iacovone
|
|
|
Now at 3B: Trent Spivey
|
|
|
Now at SS: Ben Lowe
|
|
|
Batting: RHB Bill Borden
|
0-0: Foul Ball, location: 2F 0-1: Swinging Strike 0-2: Strikes out looking
|
|
Pinch Hitting: LHB Ryan Fridley
|
0-0: Ground out 6-3 (Groundball, 6, EV 86.9 MPH)
|
|
Batting: RHB Jarno van Lente
|
0-0: Ball 1-0: Ball 2-0: Foul Ball, location: 2F 2-1: Called Strike 2-2: Ball 3-2: Foul Ball, location: 2F 3-2: Fly out, F9 (Flyball, 9D, EV 84.4 MPH)
|
| Bottom of the 9th over - 0 runs, 0 hits, 0 errors, 0 left on base; Palm Beach 4 - Houston 4 |
| TOP OF THE 10TH |
|
Palm Beach Nationals batting - Pitching for Houston Colt .45's : RHP Rory Mozer
|
|
Pitching: RHP Kenyu Tanaka
|
|
|
Now at C: David Sanchez
|
|
|
Batting: RHB Rudolph Lentz
|
0-0: Ball 1-0: Ball 2-0: Fly out, F7 (Line Drive, 78D, EV 90.0 MPH)
|
|
Batting: RHB Ryan Wright
|
0-0: Called Strike 0-1: Ball 1-1: SOLO HOME RUN (Flyball, 7LD, EV 92.5 MPH), Distance : 361 ft
|
|
Batting: LHB Ken Westfall
|
0-0: Called Strike 0-1: Swinging Strike 0-2: Strikes out swinging
|
|
Batting: RHB Jess Thomas
|
0-0: Foul Ball, location: 2F 0-1: Ground out 6-3 (Groundball, 6S, EV 73.8 MPH)
|
| Top of the 10th over - 1 run, 1 hit, 0 errors, 0 left on base; Palm Beach 5 - Houston 4 |
| BOTTOM OF THE 10TH |
|
Houston Colt .45's batting - Pitching for Palm Beach Nationals : LHP Billy Edwards
|
|
Pitching: RHP Cody Hadden
|
|
|
Batting: RHB Patrick Pinault
|
0-0: Called Strike 0-1: Foul Ball, location: 2F 0-2: Ball 1-2: Foul Ball, location: 2F 1-2: Foul Ball, location: 2F 1-2: Ball 2-2: Ball 3-2: Base on Balls
|
|
Batting: RHB Arnold Schuler
|
0-0: Called Strike 0-1: Bunted foul 0-2: Foul Ball, location: 2F 0-2: Ball 1-2: Ball 2-2: Foul Ball, location: 2F 2-2: Fly out, F3 (Popup, 34S, EV 38.1 MPH)
|
|
Pinch Hitting: LHB Bob Neale
|
0-0: Swinging Strike 0-1: Foul Ball, location: 2F 0-2: Strikes out swinging
|
|
Batting: LHB Vecdi Hodensack
|
0-0: Ball 1-0: Ball 2-0: Ball 3-0: Swinging Strike 3-1: Foul Ball, location: 2F 3-2: Strikes out swinging
|
| Bottom of the 10th over - 0 runs, 0 hits, 0 errors, 1 left on base; Palm Beach 5 - Houston 4 |
|